 Dungeon Crawl Stone Soup version 0.30.0-10-gfe55d96785 (webtiles) character file.

Game seed: 12195848939907325806

790 qw the Chopper (level 7, -4/43 HPs)
             Began as a Gargoyle Cinder Acolyte on May 17, 2023.
             Was an Elder of Ignis.
             Slain by an orc warrior
             ... wielding a +0 war axe
              (6 damage)
             ... on level 6 of the Dungeon.
             The game lasted 00:02:31 (4938 turns).

qw the Chopper (Gargoyle Cinder Acolyte)            Turns: 4938, Time: 00:02:32

Health: -4/43      AC: 27    Str: 20    XL:     7   Next: 87%
Magic:  0/8        EV: 13    Int: 14    God:    Ignis [****..]
Gold:   236        SH:  0    Dex:  5    Spells: 8/8 levels left

rFire   + . .        g - +0 hand axe (spect)
rCold   . . .        (no shield)
rNeg    + . .        i - +4 chain mail of Riybra {Fly}
rPois   inf          e - +0 helmet
rElec   +            k - +0 cloak
rCorr   .            (no gloves)
SInv    .            (no boots)
Will    .....        f - amulet of guardian spirit Stlth
                     b - +5 ring of evasion
HPRegen 0.27/turn    (no ring)
MPRegen 0.11/turn

%: guardian spirit
@: fiery-armoured, flying
A: sickness immunity, AC +4, negative energy resistance 1, electricity
resistance, torment resistance 1, petrification resistance
a: Renounce Religion, Fiery Armour, Foxfire Swarm, Rising Flame


You were on level 6 of the Dungeon.
You worshipped Ignis.
Ignis was greatly pleased with you.
You visited 1 branch of the dungeon, and saw 6 of its levels.

You collected 236 gold pieces.


Innate Abilities, Weirdness & Mutations

You are immune to sickness and miasma.
Your stone body is resilient. (AC +4)
You are immune to poison.
You resist negative energy. (rN+)
You are resistant to electric shocks. (rElec)
You are resistant to unholy torment.
You are immune to petrification.


   Skills:
 + Level 4.1 Fighting
 - Level 7.1 Axes
 - Level 4.0 Armour
 - Level 1.0 Spellcasting
 - Level 3.0 Fire Magic


You had 8 spell levels left.
You didn't know any spells.
Your spell library contained the following spells:

 Spells                   Type           Power      Damage    Failure   Level
 Scorch                   Fire           18%        2d5       63%         2

Inventory:

Hand Weapons
 g - a +0 spectral hand axe (weapon)
 h - a +0 whip
Armour
 e - a +0 helmet (worn)
 i - the +4 chain mail of Riybra (worn) {Fly}
   (You found it on level 3 of the Dungeon)

   Fly:       It grants you flight.
 k - a +0 cloak (worn)
Jewellery
 b - a +5 ring of evasion (left hand)
 f - an amulet of guardian spirit (around neck)
Scrolls
 a - a scroll of identify
Potions
 m - 2 potions of curing
 n - a potion of resistance
 o - a potion of attraction {unknown}

Dungeon Overview and Level Annotations

Branches:
Dungeon (6/15)
 Temple: D:4-7

Altars:
Ashenzari
Nemelex Xobeh
Okawaru
Uskayaw
Zin

Shops:
D:1 [   D:4 [


Message History

The orc warrior is moderately wounded.
The orc warrior hits your +0 spectral hand axe with a +0 war axe.
Your spectral weapon shares its damage with you!
You closely miss the orc warrior.
The orc warrior is moderately wounded.
Your +0 spectral hand axe barely misses the orc warrior.
The orc warrior hits you but does no damage.
The orc warrior closely misses your +0 spectral hand axe.
You hit the orc warrior.
The orc warrior is heavily wounded.
Your +0 spectral hand axe hits the orc warrior but does no damage.
The orc warrior misses you.
The orc warrior hits your +0 spectral hand axe with a +0 war axe.
Your spectral weapon shares its damage with you!
You closely miss the orc warrior.
The orc warrior is moderately wounded.
Your +0 spectral hand axe hits the orc warrior but does no damage.
The orc warrior misses you.
The orc warrior barely misses your +0 spectral hand axe.
You barely miss the orc warrior.
The orc warrior is moderately wounded.
Your +0 spectral hand axe hits the orc warrior.
You closely miss the orc warrior.
The orc warrior is heavily wounded.
Your +0 spectral hand axe hits the orc warrior.
The orc warrior hits you but does no damage.
The orc warrior is burned by your cloak of flames.
The orc warrior is severely wounded.
The orc warrior closely misses your +0 spectral hand axe.
You hit the orc warrior.
The orc warrior is severely wounded.
Your +0 spectral hand axe hits the orc warrior but does no damage.
The orc warrior hits you but does no damage.
The orc warrior hits your +0 spectral hand axe with a +0 war axe.
Your spectral weapon shares its damage with you!
You closely miss the orc warrior.
The orc warrior is severely wounded.
Your +0 spectral hand axe closely misses the orc warrior.
The orc warrior hits you with a +0 war axe!
You die...

.# #.# #..#
#... #..# #..#
##o.# ##@(#
##.)## ###
##.)##
##.#######..##
#......##..##
####......#..##
............##
...>.......##
..........##


You could see an orc warrior and a friendly +0 spectral hand axe.

Vanquished Creatures
  A water moccasin (D:5)
  A centaur (D:6)
  A howler monkey (D:4)
  A jelly (D:4)
  An orc priest (D:4)
  4 hounds
  A sleepcap (D:5)
  Natasha (thrice) (D:2)
  2 iguanas
  Robin (D:4)
  9 adders
  2 shadow imps (D:5)
  A white imp (D:5)
  2 worms
  15 orcs
  2 ball pythons (D:1)
  3 endoplasms
  6 giant cockroaches
  17 goblins
  7 hobgoblins
  7 jackals
  4 kobolds
  2 quokkas
  10 bats
  4 frilled lizards
  8 rats
115 creatures vanquished.

Notes
Turn   | Place    | Note
-------+----------+-------------------------------------------
     0 | D:1      | qw the Gargoyle Cinder Acolyte began the quest for the Orb.
     0 | D:1      | Reached XP level 1. HP: 14/14 MP: 2/2
     0 | D:1      | 0 ||| qw: Version: 0.2-a-95-g4c1bab1
     0 | D:1      | 0 ||| qw: Game counter: 85
     0 | D:1      | 0 ||| qw: Always use a shield: true
     0 | D:1      | 0 ||| qw: God list: Okawaru
     0 | D:1      | 0 ||| qw: Allow faded altars: false
     0 | D:1      | 0 ||| qw: Do Orc after D:15 true
     0 | D:1      | 0 ||| qw: Do second Lair branch before Depths: true
     0 | D:1      | 0 ||| qw: Lair rune preference: random
     0 | D:1      | 0 ||| qw: Plans: Normal
     0 | D:1      | 0 ||| PLANNING D:1-11
    58 | D:1      | 58 ||| Stepping ~*~*~tactically~*~*~ (stealth).
   124 | D:1      | Reached skill level 3 in Axes
   192 | D:1      | 192 ||| Stepping ~*~*~tactically~*~*~ (stealth).
   201 | D:1      | Reached XP level 2. HP: 17/19 MP: 3/3
   576 | D:1      | 576 ||| Stepping ~*~*~tactically~*~*~ (stealth).
   600 | D:1      | Found a faded altar of an unknown god.
   608 | D:1      | Found Qear's Armour Boutique.
   634 | D:1      | 634 ||| SHOPLISTING +1 tower shield of poison resistance
                  | (175 gold, have 28).
   634 | D:1      | 634 ||| SHOPLISTING +2 plate armour of cold resistance (520
                  | gold, have 28).
   983 | D:1      | 983 ||| UPGRADING to +0 scale mail.
   993 | D:1      | 993 ||| DROPPING +0 robe.
   994 | D:1      | 994 ||| READING 2 scrolls labelled IPTOS BUTAFIEWN.
   995 | D:1      | 995 ||| READING 2 scrolls labelled ZEHYMY MEJE.
   999 | D:1      | 999 ||| READING scroll labelled ZAFUCU OZU.
  1031 | D:1      | 1031 ||| READING scroll labelled XUYROR CUYNG.
  1052 | D:2      | Noticed Natasha
  1057 | D:2      | Reached XP level 3. HP: 23/23 MP: 4/4
  1066 | D:2      | Reached skill level 1 in Armour
  1067 | D:2      | 1067 ||| INVOKING Fiery Armour.
  1068 | D:2      | HP: 3/23 [Natasha (4)]
  1069 | D:2      | 1069 ||| READING scroll of teleportation.
  1071 | D:2      | Killed Natasha
  1072 | D:2      | Reached skill level 4 in Axes
  1090 | D:2      | Reached XP level 4. HP: 10/28 MP: 5/5
  1177 | D:2      | Found a glowing silver altar of Zin.
  1346 | D:2      | Noticed Natasha
  1347 | D:2      | 1347 ||| Stepping ~*~*~tactically~*~*~ (hiding).
  1356 | D:2      | 1356 ||| INVOKING Fiery Armour.
  1362 | D:2      | Killed Natasha
  1415 | D:2      | Noticed Natasha
  1419 | D:2      | Killed Natasha
  1420 | D:2      | Reached XP level 5. HP: 28/32 MP: 6/6
  1443 | D:2      | 1443 ||| DROPPING +0 club.
  1743 | D:2      | Reached skill level 5 in Axes
  1768 | D:2      | 1768 ||| READING scroll labelled WUYTEOT AFEPP.
  1769 | D:2      | 1769 ||| READING scroll labelled KEIMUVA TORYF.
  1770 | D:2      | 1770 ||| READING 3 scrolls of identify.
  1770 | D:2      | 1770 ||| IDENTIFYING bubbling emerald potion
  1771 | D:2      | 1771 ||| DROPPING potion of lignification.
  1816 | D:3      | 1816 ||| Stepping ~*~*~tactically~*~*~ (stealth).
  1820 | D:3      | 1820 ||| Stepping ~*~*~tactically~*~*~ (stealth).
  1831 | D:3      | 1831 ||| Stepping ~*~*~tactically~*~*~ (hiding).
  1832 | D:3      | 1832 ||| Stepping ~*~*~tactically~*~*~ (hiding).
  1835 | D:3      | 1835 ||| Stepping ~*~*~tactically~*~*~ (hiding).
  1836 | D:3      | 1836 ||| Stepping ~*~*~tactically~*~*~ (hiding).
  1837 | D:3      | 1837 ||| Stepping ~*~*~tactically~*~*~ (hiding).
  2321 | D:3      | Identified the +4 chain mail of Riybra {Fly}
  2341 | D:3      | Found an iron altar of Okawaru.
  2477 | D:3      | 2477 ||| UPGRADING to +4 chain mail of Riybra {Fly}.
  2487 | D:3      | 2487 ||| DROPPING +0 scale mail.
  2488 | D:3      | 2488 ||| UPGRADING to amulet of guardian spirit.
  2493 | D:3      | 2493 ||| DRINKING 2 dark potions.
  2494 | D:3      | 2494 ||| READING 2 scrolls of identify.
  2494 | D:3      | 2494 ||| IDENTIFYING golden potion
  2495 | D:3      | 2495 ||| DROPPING potion of berserk rage.
  2537 | D:4      | 2537 ||| Stepping ~*~*~tactically~*~*~ (stealth).
  2538 | D:4      | 2538 ||| Stepping ~*~*~tactically~*~*~ (stealth).
  2542 | D:4      | Found Hyfaurr's Armour Emporium.
  2550 | D:4      | 2550 ||| SHOPLISTING +2 helmet "Ferepp" {Dex+4} (418 gold,
                  | have 140).
  2567 | D:4      | 2567 ||| Stepping ~*~*~tactically~*~*~ (stealth).
  2623 | D:4      | 2623 ||| INVOKING Fiery Armour.
  2626 | D:4      | Noticed Robin
  2635 | D:4      | Killed Robin
  2636 | D:4      | Reached XP level 6. HP: 38/38 MP: 5/7
  2671 | D:4      | 2671 ||| Stepping ~*~*~tactically~*~*~ (stealth).
  2881 | D:4      | 2881 ||| Stepping ~*~*~tactically~*~*~ (hiding).
  2891 | D:4      | 2891 ||| INVOKING Fiery Armour.
  2891 | D:4      | HP: 5/38 [orc priest/divine providence (10)]
  2892 | D:4      | 2892 ||| READING scroll of teleportation.
  2893 | D:4      | 2893 ||| DRINKING potion of heal wounds.
  3077 | D:4      | 3077 ||| Stepping ~*~*~tactically~*~*~ (stealth).
  3079 | D:4      | 3079 ||| Stepping ~*~*~tactically~*~*~ (hiding).
  3080 | D:4      | 3080 ||| Stepping ~*~*~tactically~*~*~ (hiding).
  3081 | D:4      | 3081 ||| Stepping ~*~*~tactically~*~*~ (hiding).
  3082 | D:4      | 3082 ||| Stepping ~*~*~tactically~*~*~ (hiding).
  3325 | D:4      | Reached skill level 6 in Axes
  3605 | D:4      | 3605 ||| UPGRADING to +0 helmet.
  3610 | D:4      | 3610 ||| UPGRADING to +5 ring of evasion.
  3611 | D:4      | 3611 ||| READING 3 scrolls of identify.
  3611 | D:4      | 3611 ||| IDENTIFYING black potion
  3612 | D:4      | 3612 ||| READING 2 scrolls of identify.
  3612 | D:4      | 3612 ||| IDENTIFYING murky red potion
  3613 | D:4      | 3613 ||| DROPPING potion of flight.
  3614 | D:4      | 3614 ||| DROPPING potion of degeneration.
  3687 | D:5      | Entered Level 5 of the Dungeon
  3688 | D:5      | 3688 ||| PLANNING SEWER
  3690 | D:5      | 3690 ||| Stepping ~*~*~tactically~*~*~ (stealth).
  3709 | D:5      | Reached XP level 7. HP: 37/43 MP: 6/8
  3873 | D:5      | 3873 ||| Stepping ~*~*~tactically~*~*~ (hiding).
  3874 | D:5      | 3874 ||| Stepping ~*~*~tactically~*~*~ (hiding).
  3875 | D:5      | 3875 ||| Stepping ~*~*~tactically~*~*~ (hiding).
  3876 | D:5      | 3876 ||| Stepping ~*~*~tactically~*~*~ (hiding).
  3877 | D:5      | 3877 ||| Stepping ~*~*~tactically~*~*~ (hiding).
  3878 | D:5      | 3878 ||| Stepping ~*~*~tactically~*~*~ (hiding).
  3880 | D:5      | 3880 ||| Stepping ~*~*~tactically~*~*~ (hiding).
  4362 | D:5      | Found a glowing drain.
  4367 | D:5      | 4367 ||| UPGRADING to +0 cloak.
  4372 | D:5      | 4372 ||| READING scroll labelled ONIMIH FUP.
  4473 | D:5      | 4473 ||| READING 2 scrolls labelled GUWKUT YG APH.
  4474 | D:5      | 4474 ||| READING scroll of enchant weapon.
  4474 | D:5      | 4474 ||| ENCHANTING -1 spectral hand axe.
  4475 | D:5      | 4475 ||| READING 2 scrolls labelled YTADUR UJEMO.
  4476 | D:5      | 4476 ||| DRINKING 2 grey potions.
  4480 | D:5      | 4480 ||| DRINKING 2 fuming emerald potions.
  4481 | D:5      | 4481 ||| READING 2 scrolls of identify.
  4481 | D:5      | 4481 ||| IDENTIFYING green potion
  4482 | D:5      | 4482 ||| DROPPING potion of ambrosia.
  4483 | D:5      | 4483 ||| DROPPING scroll of amnesia.
  4568 | D:5      | 4568 ||| RIP SEWER
  4568 | D:5      | 4568 ||| PLANNING D:1-11
  4608 | D:5      | 4608 ||| STAIRDANCE
  4612 | D:5      | 4612 ||| STAIRDANCE
  4616 | D:5      | 4616 ||| STAIRDANCE
  4620 | D:5      | 4620 ||| STAIRDANCE
  4624 | D:5      | 4624 ||| STAIRDANCE
  4628 | D:5      | 4628 ||| STAIRDANCE
  4632 | D:5      | 4632 ||| STAIRDANCE
  4636 | D:5      | 4636 ||| STAIRDANCE
  4640 | D:5      | 4640 ||| STAIRDANCE
  4644 | D:5      | 4644 ||| STAIRDANCE
  4648 | D:5      | 4648 ||| STAIRDANCE
  4652 | D:5      | 4652 ||| STAIRDANCE
  4656 | D:5      | 4656 ||| STAIRDANCE
  4660 | D:5      | 4660 ||| STAIRDANCE
  4664 | D:5      | 4664 ||| STAIRDANCE
  4668 | D:5      | 4668 ||| STAIRDANCE
  4672 | D:5      | 4672 ||| STAIRDANCE
  4676 | D:5      | 4676 ||| STAIRDANCE
  4680 | D:5      | 4680 ||| STAIRDANCE
  4684 | D:5      | 4684 ||| STAIRDANCE
  4770 | D:4      | Found a sparkling altar of Nemelex Xobeh.
  4770 | D:4      | Found a broken altar of Ashenzari.
  4773 | D:4      | Found a hide-covered altar of Uskayaw.
  4825 | D:6      | 4825 ||| Stepping ~*~*~tactically~*~*~ (hiding).
  4836 | D:6      | Reached skill level 7 in Axes
  4926 | D:6      | HP: 9/43 [orc warrior/+0 war axe (2)]
  4927 | D:6      | 4927 ||| INVOKING Fiery Armour.
  4931 | D:6      | HP: 7/43 [orc warrior/+0 war axe (2)]
  4933 | D:6      | HP: 3/43 [orc warrior/+0 war axe (1)]
  4938 | D:6      | Slain by an orc warrior

Levels and vault maps discovered:
D:1:      heliophobic_arrival_glass_houses, layout_basic, serial_shops, shop,
          basic_ecumenical_altar
D:2:      layout_loops_ring, basic_altar, uniq_natasha
D:3:      layout_rooms, okawaru_gym_becter, hangedman_decor_diamond_cutter,
          glass_columns_b
D:4:      layout_loops_corners, nicolae_overflow_hidden_temple, serial_shops,
          shop, kennysheep_generic_room_3, uniq_robin
D:5:      layout_rooms, gup_sewer_entry_bubbles, guppyfry_early_lair_pool
D:6:      layout_cave_pods, minmay_strange_pillars, uniq_maggie

Skill      XL: |  1  2  3  4  5  6  7 |
---------------+----------------------+-----
Axes           | 3 4 5 6 7 |  7.1
Armour         | 1 2 4 |  4.0
Fighting       | 4 |  4.1
Spellcasting   | |  1.0
Fire Magic     | |  3.0

Action                     |  1- 3 |  4- 6 |  7- 9 || total
---------------------------+-------+-------+-------++-------
  Melee: Hand axe          |    76 |   192 |   114 ||   382
         Punch             |       |     2 |     1 ||     3
 Invoke: Fiery Armour      |     1 |     3 |     1 ||     5
    Use: Scroll            |     5 |     7 |     5 ||    17
         Potion            |       |     2 |     2 ||     4
   Stab: Distracted        |     1 |       |       ||     1
 Armour: Robe              |    29 |       |       ||    29
         Scale mail        |    16 |    40 |       ||    56
         Chain mail        |       |    27 |    41 ||    68
  Dodge: Dodged            |    46 |    83 |    53 ||   182

Table legend:
 A = Non-vault XP
 B = Vault XP
 C = Vault XP percentage of total XP
 D = Non-vault monster count
 E = Vault monster count
 F = Vault count percentage of total count
                 A         B        C        D         E       F
            +---------+---------+-------+---------+---------+-------
      Total |    1004 |     125 |  11.1 |      93 |      22 |  19.1
            +---------+---------+-------+---------+---------+-------
        D:1 |      30 |       0 |   0.0 |      19 |       0 |   0.0
        D:2 |     121 |      36 |  22.9 |      24 |       1 |   4.0
        D:3 |      97 |       0 |   0.0 |      19 |       0 |   0.0
        D:4 |     242 |      37 |  13.3 |      15 |      12 |  44.4
        D:5 |     393 |      52 |  11.7 |      12 |       9 |  42.9
        D:6 |     121 |       0 |   0.0 |       4 |       0 |   0.0
            +---------+---------+-------+---------+---------+-------
